 Dungeon Crawl Stone Soup version 0.18-a0-662-gcaceebc (webtiles) character file.

1316 GeneralIdiocy the Martial Artist (level 8, 1/59 HPs)
             Began as a Demonspawn Monk on Dec 5, 2015.
             Was a Believer of Pakellas.
             Quit the game on level 5 of the Dungeon.
             The game lasted 00:09:54 (5413 turns).

GeneralIdiocy the Martial Artist (Demonspawn Monk)  Turns: 5413, Time: 00:09:54

Health: 1/59       AC: 12    Str: 17    XL:     8   Next: 33%
Magic:  8/9        EV: 12    Int: 11    God:    Pakellas [**....]
Gold:   211        SH:  3    Dex: 18    Spells: 0 memorised, 7 levels left

rFire  . . .     SeeInvis .       - Unarmed
rCold  . . .     Clarity  .     i - +0 ring mail {rPois}
rNeg   + . .     SustAt   .     (no shield)
rPois  +         Gourm    .     s - +0 helmet
rElec  .         Spirit   .     u - +0 cloak
rCorr  .         Dismiss  .     (no gloves)
rMut   .         Stasis   .     n - +0 pair of boots
MR     .....                    (no amulet)
Stlth  +++.......               j - ring of positive energy
                                g - +4 ring of protection

@: mighty, lethally poisoned (1 -> -3), exhausted, very slightly contaminated,
slowed, very slow, not resistant to hostile enchantments, fairly stealthy
A: large bone plates 2, deformed body, demonic guardian 1, nightstalker 2,
subdued magic 1
a: Quick Charge, Renounce Religion


You were on level 5 of the Dungeon.
You worshipped Pakellas.
Pakellas was pleased with you.
You were near starving.

You visited 2 branches of the dungeon, and saw 6 of its levels.

You collected 211 gold pieces.

Inventory:

Missiles
 e - 3 javelins (quivered)
Armour
 i - a +0 ring mail of poison resistance (worn)
 n - a +0 pair of boots (worn)
 s - a +0 helmet (worn)
 u - a +0 cloak (worn)
Jewellery
 g - a +4 ring of protection (left hand)
 j - a ring of positive energy (right hand)
 A - an uncursed amulet of stasis
 C - an uncursed ring of protection from cold {unknown}
Wands
 t - a wand of invisibility (5)
 y - a wand of polymorph (13)
Scrolls
 c - 4 scrolls of identify
 d - 2 scrolls of amnesia
 f - a scroll of fear {unknown}
 h - a scroll of recharging {unknown}
 k - a scroll of noise {unknown}
 m - 2 scrolls of magic mapping {unknown}
 o - a scroll of fog {unknown}
 p - 2 scrolls of immolation {unknown}
 q - 3 scrolls of remove curse {unknown}
 B - a scroll of teleportation {unknown}
Potions
 l - 2 potions of flight
Books
 v - a book of Summonings

   Spells                             Type                      Level
   a - Recall                         Summoning/Translocation      3
   b - Aura of Abjuration             Summoning                    5
   c - Shadow Creatures               Summoning                    5
   d - Summon Demon                   Summoning                    5
   e - Summon Forest                  Summoning/Translocation      5
   f - Summon Mana Viper              Hexes/Summoning              5
Comestibles
 a - 3 meat rations
 b - 5 bread rations
 r - 2 beef jerkies


   Skills:
 + Level 3.6 Fighting
 + Level 1.3 Armour
 - Level 2.6 Dodging
 - Level 1.7 Stealth
 * Level 9.5 Unarmed Combat
 + Level 1.7 Evocations


You had 7 spell levels left.
You didn't know any spells.

Dungeon Overview and Level Annotations

Branches:
Dungeon (5/15)             Temple (1/1) D:5

Altars:
Ashenzari
Dithmenos
Elyvilon
Gozag
Kikubaaqudgha
Okawaru
Pakellas
Ru
Trog
Vehumet
Xom
Yredelemnul
Zin
The Shining One


Innate Abilities, Weirdness & Mutations

You are mostly covered in large bone plates (AC +3, SH +3).
A weak demonic guardian rushes to your aid.
You are significantly more attuned to the shadows.
Armour fits poorly on your strangely shaped body.
Your spells are a little easier to cast, but a little less powerful.


Message History

The magic dart hits you!
Your crimson imp hits the orc.
The orc wizard misses you. You block the orc's attack.
* * * LOW HITPOINT WARNING * * *
You feel sick.
Your crimson imp misses the orc wizard.
The orc wizard mumbles some strange words.
The orc wizard blinks!
* * * LOW HITPOINT WARNING * * *
You feel sick. The orc hits your crimson imp.
The orc hits your crimson imp with a flail.
Your crimson imp hits the orc.
The orc completely misses your crimson imp.
Read which item? (? for menu, Esc to quit)
Okay, then.
Unknown command.
Drink which item? (? for menu, Esc to quit)
Okay, then.
Welcome back, GeneralIdiocy the Demonspawn Monk.
Pakellas says: This is producing some very interesting results.
Press ? for a list of commands and other information.
Are you sure you want to abandon this character and quit the game? (Confirm with "yes".)

#.#####.####.#
#.##.......#.########
#.......##...........
#..#.##.#############
#...).......####.....
##.#....######8..8..8
#.####.# ###.o......
#.####o###o)o.)...oo
#..@.5ooo..#)oo..{.o
###.##o#o.)##8..8..8
#.##.#.).####..)..
#.#..#...#########
#.#.##........# #
#.#.##..[.....# #
#.............# #
####)######.#### #
#....######.#######


You could see an orc wizard, 5 orcs and a friendly crimson imp.

Vanquished Creatures
  3 sky beasts (D:5)
  2 orc warriors
  An ogre (D:3)
  A scorpion (D:5)
  A hound (D:3)
  Crazy Yiuf (D:4)
  An iguana (D:4)
  6 orc wizards
  3 orc priests
  5 worker ants
  2 hound skeletons
  6 adders
  A shadow imp (D:5)
  2 oozes
  An adder skeleton (D:4)
  An adder zombie (D:5)
  4 worms
  26 orcs
  5 ball pythons
  10 giant cockroaches
  4 hobgoblins
  7 jackals
  12 bats
  3 giant newts
  9 goblins
  6 kobolds
  3 quokkas
  12 rats
138 creatures vanquished.

Vanquished Creatures (collateral kills)
  An orc warrior (D:5)
1 creature vanquished.

Vanquished Creatures (others)
  An orc (D:5)
1 creature vanquished.

Grand Total: 140 creatures vanquished

Notes
Turn   | Place    | Note
--------------------------------------------------------------
     0 | D:1      | GeneralIdiocy the Demonspawn Monk began the quest for the Orb.
     0 | D:1      | Reached XP level 1. HP: 18/18 MP: 1/1
   206 | D:1      | Reached skill level 4 in Unarmed Combat
   242 | D:1      | Gained mutation: You are partially covered in large bone plates (AC +2, SH +2). [demonic ancestry]
   242 | D:1      | Reached XP level 2. HP: 24/24 MP: 2/2
   883 | D:2      | Gained mutation: You are slightly more attuned to the shadows. [demonic ancestry]
   883 | D:2      | Reached XP level 3. HP: 29/29 MP: 3/3
  1532 | D:2      | Reached skill level 5 in Unarmed Combat
  1606 | D:2      | Gained mutation: You are significantly more attuned to the shadows. [demonic ancestry]
  1606 | D:2      | Reached XP level 4. HP: 35/35 MP: 4/4
  1958 | D:3      | Gained mutation: Your spells are a little easier to cast, but a little less powerful. [potion of mutation]
  1958 | D:3      | Gained mutation: Armour fits poorly on your strangely shaped body. [potion of mutation]
  1974 | D:3      | Reached XP level 5. HP: 21/41 MP: 5/5
  2305 | D:3      | Noticed an ogre
  2317 | D:3      | Killed an ogre
  2317 | D:3      | Reached skill level 6 in Unarmed Combat
  2342 | D:3      | Found a glowing golden altar of the Shining One.
  2573 | D:3      | Noticed a moth of wrath
  2576 | D:3      | Found a bloodstained altar of Trog.
  2788 | D:3      | Gained mutation: A weak demonic guardian rushes to your aid. [demonic ancestry]
  2788 | D:3      | Reached XP level 6. HP: 17/47 MP: 6/6
  3150 | D:4      | HP: 1/47 [orc warrior/trident (20)]
  3151 | D:4      | Reached skill level 7 in Unarmed Combat
  4077 | D:4      | Gained mutation: You are mostly covered in large bone plates (AC +3, SH +3). [demonic ancestry]
  4077 | D:4      | Reached XP level 7. HP: 47/52 MP: 7/7
  4378 | D:5      | Entered Level 5 of the Dungeon
  4513 | D:4      | Noticed Crazy Yiuf
  4521 | D:4      | Killed Crazy Yiuf
  4521 | D:4      | Reached skill level 8 in Unarmed Combat
  4631 | D:5      | Found a staircase to the Ecumenical Temple.
  4689 | D:5      | Found a runed door.
  4716 | Temple   | Entered the Ecumenical Temple
  4829 | D:5      | Reached skill level 9 in Unarmed Combat
  4872 | D:5      | Found an oddly glowing altar of Pakellas.
  4877 | D:5      | Became a worshipper of Pakellas the Inventive
  4877 | D:5      | Reached * piety under Pakellas
  4877 | D:5      | Reached ** piety under Pakellas
  4877 | D:5      | Received a gift from Pakellas
  5079 | D:5      | Reached XP level 8. HP: 54/58 MP: 8/8
  5370 | D:5      | Reached skill level 1 in Evocations
  5392 | D:5      | Reached skill level 1 in Armour
  5411 | D:5      | HP: 2/59 [poisoned by an orc]
  5413 | D:5      | Quit the game

Vault maps used:
D:1:      wheals_arrival_shading, hangedman_feature_mirror
D:2:      fountainhead
D:3:      lemuel_doored_altar, first_bread, tgw_trog
D:4:      kennysheep_windowed_goal, uniq_crazy_yiuf_cottage
D:5:      grunt_pakellas_salt, minmay_temple_entry_junction,
          lightli_church_of_beogh
Temple:   zaba_magenta_temple_12

Action                   |  1- 3 |  4- 6 |  7- 9 || total
-------------------------+-------+-------+-------++-------
Melee: Unarmed           |   127 |   262 |   165 ||   554
Throw: Javelin           |       |     7 |       ||     7
Evoke: Wand              |       |       |     2 ||     2
  Use: Potion            |       |     8 |     3 ||    11
       Scroll            |       |       |     3 ||     3
 Stab: Sleeping          |     7 |    16 |     8 ||    31
       Distracted        |       |     1 |       ||     1
       Invisible         |       |       |    18 ||    18
  Eat: Chunk             |     2 |     7 |     2 ||    11
       Fruit             |       |       |     4 ||     4
